 Dungeon Crawl Stone Soup version 0.27-a0-401-gea03ee85fd (webtiles) character file.

Game seed: 9757081656584964083

95905 Anon1729 the Protected (level 15, -6/117 (146) HPs)
             Began as a Deep Dwarf Fighter on Feb 22, 2021.
             Was the Champion of Ru.
             Killed from afar by a shock serpent (25 damage)
             ... with a bolt of electricity
             ... on level 1 of the Snake Pit.
             The game lasted 01:17:58 (21742 turns).

Anon1729 the Protected (Deep Dwarf Fighter)        Turns: 21742, Time: 01:17:59

HP:   -6/117 (146)  AC: 23    Str: 28    XL:     15   Next: 67%
MP:   23/23         EV: 11    Int: 11    God:    Ru [******]
Gold: 1965          SH:  9    Dex: 12    Spells: 36/36 levels left

rFire    + . .     SeeInvis .   a - +5 flail of Mefainas {venom, rF+}
rCold    x . .     Faith    .   g - +2 buckler
rNeg     + . .     Spirit   .   s - +3 plate armour
rPois    .         Reflect  .   W - +0 hat {Will+}
rElec    .         Harm     .   M - +2 cloak
rCorr    .         Rampage  .   (no gloves)
Will     +++..                  (no boots)
Stlth    ..........             (no amulet)
HPRegen  0.00/turn              l - +6 ring of strength
MPRegen  0.18/turn              r - ring of protection from fire

@: non-regenerating, studying Dodging, heavily drained
A: damage resistance, heal wounds, negative energy resistance 1, sense
surroundings 2, weak 1, no stealth, no air magic, no hexes magic, no summoning
magic, inexperienced 1, temperature sensitive, no regeneration
a: Heal Wounds, Renounce Religion, Draw Out Power, Power Leap, Apocalypse


You were on level 1 of the Snake Pit.
You worshipped Ru.
Ru was exalted by your worship.
You visited 6 branches of the dungeon, and saw 26 of its levels.

You collected 2660 gold pieces.
You spent 695 gold pieces at shops.

Inventory:

Hand Weapons
 a - the +5 flail of Mefainas (weapon) {venom, rF+}
   (You found it on level 6 of the Dungeon)

   It poisons the flesh of those it strikes.
   It protects you from fire.
 b - a +4 whip of electrocution
 m - the +2 morningstar "Zogiro" {pain, rN+}
   (You bought it in a shop on level 2 of the Orcish Mines)

   In the hands of one skilled in necromantic magic, it inflicts extra damage on
   living creatures.
   It protects you from negative energy.
Missiles
 e - 668 stones (quivered)
Armour
 g - a +2 buckler (worn)
 s - a +3 plate armour (worn)
 D - a +2 chain mail of willpower
 M - a +2 cloak (worn)
 R - a +2 robe of resistance
 V - a +1 helmet of intelligence
 W - a +0 hat of willpower (worn)
 X - the +1 chain mail of the Morning Star {rC+}
   (You bought it in a shop on level 2 of the Orcish Mines)

   It protects you from cold.
Jewellery
 l - a +6 ring of strength (left hand)
 r - a ring of protection from fire (right hand)
 y - a +6 ring of intelligence
 E - a ring of fire {unknown}
 F - an amulet of reflection
 H - a ring of magical power
 U - a ring of ice
Wands
 q - a wand of mindburst (11)
 A - a wand of flame (19)
 C - a wand of charming (1)
 G - a wand of acid (16)
 J - a wand of polymorph (53)
 O - a wand of paralysis (22)
 Q - a wand of iceblast (29)
 Z - a wand of random effects (16)
Scrolls
 c - 3 scrolls of enchant armour
 j - 3 scrolls of fog
 o - 2 scrolls of teleportation
 p - 4 scrolls of fear
 u - 3 scrolls of enchant weapon
 v - 2 scrolls of amnesia
 w - 4 scrolls of magic mapping
 x - a scroll of blinking
 I - a scroll of holy word
 Y - a scroll of torment
Potions
 d - 4 potions of might
 f - 5 potions of degeneration
 h - 3 potions of curing
 i - a potion of flight
 k - 2 potions of invisibility
 n - a potion of lignification
 t - a potion of cancellation {unknown}
 z - 2 potions of brilliance
 B - 5 potions of attraction
 K - 2 potions of haste
 L - 3 potions of ambrosia
 N - 3 potions of mutation
 P - 3 potions of berserk rage
 S - a potion of heal wounds
Miscellaneous
 T - a phantom mirror


   Skills:
 + Level 12.5 Fighting
 - Level 10.0 Maces & Flails
 + Level 14.5 Armour
 - Level 8.0 Dodging
 + Level 14.5 Shields
 + Level 11.3 Spellcasting


You had 36 spell levels left.
You didn't know any spells.
Your spell library contained the following spells:

 Spells                   Type           Power        Failure   Level
 Apportation              Tloc           12%          56%         1
 Sublimation of Blood     Necr           3%           71%         2
 Lesser Beckoning         Tloc           3%           91%         3
 Animate Dead             Necr           3%           100%        4
 Dispel Undead            Necr           6%           100%        4
 Agony                    Necr           6%           100%        5
 Alistair's Intoxication  Tmut/Pois      4%           100%        5
 Borgnjor's Vile Clutch   Necr/Erth      3%           100%        5
 Excruciating Wounds      Necr           3%           100%        5
 Death Channel            Necr           3%           100%        6
 Simulacrum               Ice/Necr       3%           100%        6
 Corpse Rot               Necr/Air       Unusable     N/A         2
 Tukima's Dance           Hex            Unusable     N/A         3
 Summon Lightning Spire   Summ/Air       Unusable     N/A         4
 Silence                  Hex/Air        Unusable     N/A         5
 Conjure Ball Lightning   Conj/Air       Unusable     N/A         6
 Invisibility             Hex            Unusable     N/A         6
 Tornado                  Air            Unusable     N/A         9

Dungeon Overview and Level Annotations

Branches:
Dungeon (15/15)            Temple (1/1) D:7            Lair (6/6) D:8
  Swamp (0/4) Lair:4        Snake (1/4) Lair:2        Slime (0/5) Lair:5
    Orc (2/2) D:12            Elf (1/3) Orc:2        Vaults (0/5) D:14
 Depths (0/5) D:15

Altars:
Ashenzari
Cheibriados
Dithmenos
Elyvilon
Fedhas
Gozag
Hepliaklqana
Kikubaaqudgha
Makhleb
Nemelex Xobeh
Okawaru
Qazlal
Ru
Sif Muna
Trog
Uskayaw
Vehumet
Wu Jian
Xom
Yredelemnul
Zin
The Shining One
Beogh

Shops:
D:4 (   D:6 ?   D:8 *   D:10 [   Orc:1 [   Orc:2 (=[

Annotations:
D:11 Sonja
D:13 2 runed translucent doors
D:15 Azrael
Lair:1 2 transporters, Cias's ghost, journeyman GnFi
Lair:2 exclusion: 2 oklob plants
Lair:5 3 runed translucent doors, Inkie's ghost, journeyman DsAK


Innate Abilities, Weirdness & Mutations

You are resistant to damage.
You can heal yourself by infusing magical energy.
You resist negative energy. (rN+)
You passively map the area around you.
You cannot be stealthy.
You cannot study or cast Air magic.
You cannot study or cast Hexes magic.
You cannot study or cast Summoning magic.
You are somewhat inexperienced. (-2 XL)
You are sensitive to extremes of temperature. (rF-, rC-)
You do not regenerate.
You are weak. (Str -2)


Message History

Press: ? - help, Shift-Dir - straight line, f/p - shock serpent
Aim: a shock serpent The shock serpent seems to slow down.
The shock serpent shoots out a bolt of lightning at you!
The bolt of electricity hits you!
* * * LOW HITPOINT WARNING * * *
You focus your inner power and blind the shock serpent in retribution!
The shock serpent begins to attack, but is stunned by your conviction!
Okay, then.
Your +4 whip of electrocution stops crackling.
The +5 flail of Mefainas {venom, rF+} begins to drip with poison!
a - the +5 flail of Mefainas (weapon)
{venom, rF+} You redirect the shock serpent's attack!
The shock serpent bites itself.
You are too injured to fight recklessly!
Unknown command.
You miss the shock serpent.
The shock serpent is lightly wounded.
You sock the shock serpent!
The shock serpent is poisoned.
The shock serpent is lightly wounded.
The shock serpent's electric aura discharges, shocking you!
The shock serpent is no longer blind.
The shock serpent barely misses you.
You closely miss the shock serpent.
The shock serpent is moderately wounded.
The shock serpent is stunned by your conviction and fails to attack.
You thump the shock serpent!
The shock serpent looks as sick as possible!
The shock serpent is heavily wounded.
The shock serpent's electric aura discharges, shocking you!
* * * LOW HITPOINT WARNING * * *
The shock serpent begins to attack, but is stunned by your conviction!
Unknown command.
You hit the shock serpent.
The shock serpent looks as sick as possible!
The shock serpent is severely wounded.
The shock serpent's electric aura discharges, shocking you!
* * * LOW HITPOINT WARNING * * *
The shock serpent shoots out a bolt of lightning at you!
The bolt of electricity hits you!!
You die...

, , , *, * , ...#. , * * * ,
,.....###### * , ,, ,
>....$.....#### *## * ,,
...........(.######.. ,,
..................... , ,..
..................... .....,,
......S.............. ......
#......@.............
#........######...............
...........###..........# ,
.......................## * *
* .......................##
........................# *
......^.................##
.........................#
...............≈≈≈≈≈.....#


You could see a shock serpent (extremely poisoned, slow).

Vanquished Creatures
  Gastronok (D:12)
  Kirke (Lair:4)
  An orc warlord (Orc:1)
  Louise (D:14)
  Nessos (Orc:1)
  2 naga warriors (Snake:1)
  8 hydras
  6 boulder beetles
  4 centaur warriors
  2 catoblepae
  2 anacondas (Snake:1)
  4 two-headed ogres
  4 death yaks
  A dancing weapon (Elf:1)
  A naga sharpshooter (Snake:1)
  6 orc high priests
  A shock serpent (Snake:1)
  Nergalle (D:12)
  2 salamander mystics (Snake:1)
  2 unseen horrors
  4 sea snakes (Snake:1)
  A wolf spider zombie (D:14)
  4 orc knights
  2 mana vipers (Snake:1)
  2 orc sorcerers
  6 cyclopes
  A salamander (shapeshifter) (D:14)
  3 ugly things
  3 manticores
  10 salamanders (Snake:1)
  An elephant (D:8)
  Maurice (D:11)
  3 black mambas (Snake:1)
  An eye of devastation (Lair:5)
  A guardian serpent (Snake:1)
  A torpor snail (shapeshifter) (D:14)
  8 cane toads
  2 gargoyles
  2 centaur skeletons
  2 naga magi (Snake:1)
  3 yaktaurs (D:15)
  2 rime drakes
  A redback zombie (D:12)
  6 komodo dragons
  3 meliai (D:13)
  11 trolls
  Grinder (D:3)
  3 polar bears
  3 slime creatures (D:14)
  13 dream sheep
  3 blink frogs (Lair:5)
  A shadow (D:13)
  70 yaks
  2 wraiths (D:12)
  6 wyverns
  6 fire elementals
  5 basilisks
  2 hogs (Lair:4)
  Eustachio (D:4)
  5 steam dragons
  4 vampire mosquitoes
  4 wargs
  A swamp worm (Lair:4)
  8 nagas
  4 acid dragons
  A soldier ant (D:12)
  Duvessa (D:5)
  Edmund (D:5)
  2 hell hounds (D:15)
  21 water moccasins
  3 black bears
  4 ice beasts
  46 orc warriors
  An eye of draining (Lair:5)
  4 sky beasts
  A hornet zombie (D:13)
  9 ogres
  5 wolves (Lair:2)
  3 necrophages
  24 centaurs
  5 phantoms
  3 kobold brigands
  22 bullfrogs
  A gnoll sergeant (D:12)
  Dowan (D:5)
  A water moccasin zombie (D:6)
  3 scorpions
  3 killer bees (D:7)
  3 electric eels (D:14)
  14 wights
  2 howler monkeys
  3 jellies
  A lava snake (Lair:2)
  4 centaur zombies
  4 bullfrog zombies
  3 hounds
  25 orc priests
  Crazy Yiuf (D:5)
  3 bullfrog skeletons (D:12)
  Ijyb (D:5)
  4 iguanas
  26 orc wizards
  9 worker ants
  6 adders
  8 gnolls
  3 shadow imps
  2 white imps
  4 ufetubi
  2 adder zombies
  A worm (D:3)
  2 dart slugs (D:1)
  5 leopard geckos
  106 orcs
  9 bats
  6 giant cockroaches
  9 goblins
  5 hobgoblins
  8 jackals
  8 quokkas
  3 ball pythons
  8 frilled lizards
  A giant cockroach zombie (D:5)
  14 kobolds
  10 rats
765 creatures vanquished.

Vanquished Creatures (others)
  A hydra (Lair:6)
  A shadow wraith (D:12)
  A troll (D:12)
  3 yaks
  A swamp worm (Lair:4)
  A centaur (D:13)
  A gnoll shaman (Orc:2)
  An orc priest (Orc:2)
  3 orcs
  41 fungi
  21 plants
75 creatures vanquished.

Grand Total: 840 creatures vanquished

Notes
Turn   | Place    | Note
-------+----------+-------------------------------------------
     0 | D:1      | Anon1729 the Deep Dwarf Fighter began the quest for the
                  | Orb.
     0 | D:1      | Reached XP level 1. HP: 20/20 MP: 1/1
   195 | D:1      | Reached XP level 2. HP: 25/27 MP: 2/2
   818 | D:2      | Reached XP level 3. HP: 26/33 MP: 4/4
  1672 | D:3      | Reached skill level 1 in Spellcasting
  1854 | D:3      | Reached XP level 4. HP: 8/42 MP: 5/5
  1927 | D:3      | Noticed Grinder
  1980 | D:4      | Noticed Eustachio
  1999 | D:4      | Killed Eustachio
  2000 | D:4      | Reached XP level 5. HP: 20/50 MP: 6/6
  2000 | D:4      | Reached XP level 6. HP: 23/57 MP: 7/7
  2141 | D:4      | Found Petoj's Antique Weapon Emporium.
  2619 | D:4      | Bought an ivory quarterstaff for 180 gold pieces
  2624 | D:4      | Identified the +8 quarterstaff of Rirphikk {distort,
                  | *Contam Str+6 Int+2} (You bought it in a shop on level 4 of
                  | the Dungeon)
  2871 | D:4      | Reached XP level 7. HP: 58/64 MP: 7/7
  2948 | D:3      | Paralysed by Grinder for 7 turns
  2958 | D:3      | Killed Grinder
  2959 | D:3      | Reached skill level 5 in Armour
  2959 | D:3      | Reached skill level 5 in Shields
  3111 | D:3      | Gained mutation: You are weak. (Str -2) [mutagenic glow]
  3326 | D:5      | Entered Level 5 of the Dungeon
  3357 | D:5      | Noticed Edmund
  3377 | D:5      | Killed Edmund
  3597 | D:5      | Noticed Duvessa
  3636 | D:5      | Killed Duvessa
  3637 | D:5      | Reached XP level 8. HP: 36/73 MP: 9/9
  3644 | D:5      | Noticed Dowan
  3650 | D:5      | Killed Dowan
  3808 | D:5      | Found a glowing silver altar of Zin.
  3808 | D:5      | Found a shadowy altar of Dithmenos.
  3892 | D:5      | Noticed Ijyb
  3905 | D:5      | Killed Ijyb
  3906 | D:5      | Reached skill level 5 in Fighting
  3966 | D:5      | Reached skill level 5 in Maces & Flails
  4047 | D:5      | Found a runed translucent door.
  4048 | D:5      | Noticed Crazy Yiuf
  4156 | D:5      | Killed Crazy Yiuf
  4329 | D:6      | Found Beinurph's Magic Scroll Shop.
  4339 | D:6      | Bought a scroll of teleportation for 42 gold pieces
  4339 | D:6      | Bought a scroll of identify for 28 gold pieces
  4455 | D:6      | Got a crude flail
  4456 | D:6      | Identified the +5 flail of Mefainas {venom, rF+} (You found
                  | it on level 6 of the Dungeon)
  4934 | D:6      | Gained mutation: You passively map the area around you.
                  | [Deep Dwarf growth]
  4934 | D:6      | Reached XP level 9. HP: 48/81 MP: 11/11
  5165 | D:7      | Found an ornate altar of the Wu Jian Council.
  5212 | D:7      | Found a staircase to the Ecumenical Temple.
  5223 | Temple   | Entered the Ecumenical Temple
  5420 | Temple   | Became a worshipper of Ru the Awakened
  5732 | D:7      | Found a basalt altar of Yredelemnul.
  5741 | D:7      | Found an iron altar of Okawaru.
  5975 | D:8      | Found a stormy altar of Qazlal.
  5999 | D:8      | Found a staircase to the Lair.
  5999 | D:8      | Noticed an elephant
  6163 | D:8      | Killed an elephant
  6164 | D:8      | Reached skill level 5 in Spellcasting
  6237 | D:8      | Noticed a two-headed ogre
  6255 | D:8      | Killed a two-headed ogre
  6256 | D:8      | Reached XP level 10. HP: 34/92 MP: 13/13
  6282 | D:8      | Found Awyorel's Assorted Antiques.
  6391 | D:8      | Gained mutation: You are somewhat inexperienced. (-2 XL)
                  | [Ru sacrifice]
  6391 | D:8      | Reached XP level 9. HP: 54/85 MP: 13/13
  6391 | D:8      | Reached XP level 8. HP: 54/78 MP: 12/12
  6391 | D:8      | Reached * piety under Ru
  6391 | D:8      | Reached ** piety under Ru
  7199 | D:9      | Reached XP level 9. HP: 56/85 MP: 13/13
  7418 | D:9      | Noticed a troll
  7427 | D:9      | Killed a troll
  7586 | D:9      | Found a white marble altar of Elyvilon.
  7953 | D:10     | Entered Level 10 of the Dungeon
  8068 | D:10     | Gained mutation: You are sensitive to extremes of
                  | temperature. (rF-, rC-) [Ru sacrifice]
  8068 | D:10     | Reached *** piety under Ru
  8068 | D:10     | Reached **** piety under Ru
  8068 | D:10     | Reached ***** piety under Ru
  8146 | D:10     | Reached XP level 10. HP: 82/90 MP: 15/15
  8193 | D:10     | Found Timeniang's Armour Shop.
  8516 | D:10     | Identified the +1 leather armour of Tomorrow {*Drain Dex+4}
  8805 | D:10     | Noticed a centaur warrior
  8814 | D:10     | Killed a centaur warrior
  9086 | D:11     | Noticed Maurice
  9103 | D:11     | Killed Maurice
  9145 | D:11     | Noticed Sonja
  9156 | D:11     | Noticed Sonja
  9156 | D:11     | Sonja changed into Sonja the fire crab
  9202 | D:11     | You fall into a shaft and drop 1 floor!
  9286 | D:12     | Reached XP level 11. HP: 46/92 MP: 17/17
  9317 | D:12     | Killed a shadow wraith
  9422 | D:12     | Noticed a boulder beetle
  9434 | D:12     | Killed a boulder beetle
  9487 | D:12     | Reached skill level 10 in Armour
  9564 | D:12     | Reached skill level 10 in Shields
  9748 | D:12     | Noticed Nergalle
  9787 | D:12     | Killed Nergalle
  9802 | D:12     | Noticed a purple ugly thing
  9826 | D:12     | Killed a purple ugly thing
  9952 | D:12     | Noticed a two-headed ogre
  9953 | D:12     | Found a roughly hewn altar of Beogh.
  9953 | D:12     | Found a staircase to the Orcish Mines.
  9975 | D:12     | Killed a two-headed ogre
 10260 | D:13     | Noticed a centaur warrior
 10304 | D:12     | Reached skill level 1 in Dodging
 10348 | D:11     | Killed an unseen horror
 10443 | D:12     | Noticed Gastronok
 10457 | D:12     | Killed Gastronok
 10458 | D:12     | Reached XP level 12. HP: 44/114 MP: 19/19
 10536 | D:12     | Killed a centaur warrior
 10557 | D:13     | Reached skill level 5 in Dodging
 11482 | D:13     | Found a broken altar of Ashenzari.
 11489 | D:13     | Noticed a boulder beetle
 11505 | D:13     | Killed a boulder beetle
 11586 | D:13     | Reached skill level 10 in Maces & Flails
 11799 | D:13     | Found a runed translucent door.
 11802 | D:13     | Found a runed translucent door.
 11813 | D:13     | Found a runed translucent door.
 11814 | D:13     | Noticed a merfolk avatar
 11814 | D:13     | Noticed a merfolk impaler
 11890 | D:14     | Noticed Louise
 11940 | D:14     | Killed Louise
 12066 | D:14     | Noticed a two-headed ogre
 12086 | D:14     | Killed a two-headed ogre
 12150 | D:14     | Noticed a centaur warrior
 12150 | D:14     | Noticed a boulder beetle
 12151 | D:14     | Noticed a boulder beetle
 12165 | D:14     | Noticed a centaur warrior
 12179 | D:14     | Killed a boulder beetle
 12180 | D:14     | Reached XP level 13. HP: 88/111 MP: 21/21
 12339 | D:14     | Reached skill level 10 in Fighting
 12476 | D:14     | Found a gate to the Vaults.
 12869 | D:15     | Entered Level 15 of the Dungeon
 13157 | D:15     | Noticed Azrael
 13279 | D:15     | Noticed a fire giant
 13427 | Lair:1   | Entered Level 1 of the Lair of Beasts
 13565 | Lair:1   | Noticed Cias's ghost (journeyman GnFi)
 13839 | Lair:1   | Found a transporter.
 14009 | Lair:1   | Found a transporter.
 14065 | Lair:1   | Identified the ring of the Komtur {Wiz Will+}
 14572 | Lair:2   | Found a staircase to the Snake Pit.
 14603 | Lair:2   | Gained mutation: You resist negative energy. (rN+) [Deep
                  | Dwarf growth]
 14603 | Lair:2   | Reached XP level 14. HP: 45/111 MP: 21/21
 15034 | Lair:3   | Got a crude leather armour
 15058 | Lair:2   | Identified the +0 leather armour of the Evening {Rampage
                  | +Fly rF++ rC-} (You found it on level 3 of the Lair of
                  | Beasts)
 15903 | Lair:4   | Noticed Kirke
 15912 | Lair:4   | Noticed a sphinx
 15922 | Lair:4   | Killed Kirke
 16359 | Lair:4   | Reached skill level 10 in Spellcasting
 16420 | Lair:4   | Found a staircase to the Swamp.
 16821 | Lair:5   | Found a runed translucent gate.
 16821 | Lair:5   | Found a runed translucent gate.
 16821 | Lair:5   | Found a runed translucent gate.
 16832 | Lair:5   | Noticed Inkie's ghost (journeyman DsAK)
 17273 | Lair:5   | Found a staircase to the Slime Pits.
 17509 | Lair:6   | Entered Level 6 of the Lair of Beasts
 17574 | Lair:6   | Gained mutation: You cannot be stealthy. [Ru sacrifice]
 18621 | Orc:1    | Entered Level 1 of the Orcish Mines
 18938 | Orc:2    | Entered Level 2 of the Orcish Mines
 18949 | Orc:2    | Found a roughly hewn altar of Beogh.
 18962 | Orc:1    | Found Maros's Armour Boutique.
 19025 | Orc:1    | Gained mutation: You cannot study or cast Air magic. [Ru
                  | sacrifice]
 19025 | Orc:1    | Gained mutation: You cannot study or cast Hexes magic. [Ru
                  | sacrifice]
 19025 | Orc:1    | Gained mutation: You cannot study or cast Summoning magic.
                  | [Ru sacrifice]
 19025 | Orc:1    | Reached ****** piety under Ru
 19078 | Orc:1    | Found a roughly hewn altar of Beogh.
 19195 | Orc:2    | Found a staircase to the Elven Halls.
 19283 | Orc:2    | Found Qiodgh's General Store.
 19378 | Orc:2    | Reached XP level 15. HP: 45/111 MP: 23/23
 19381 | Orc:2    | Found Xaoham's Antique Weapon Shop.
 19392 | Orc:2    | Noticed an orc warlord
 19436 | Orc:1    | Killed an orc warlord
 19635 | Orc:2    | Noticed Nessos
 19665 | Orc:1    | Killed Nessos
 19741 | Orc:2    | Bought a slimy morningstar for 189 gold pieces
 19741 | Orc:2    | Identified the +2 morningstar "Zogiro" {pain, rN+} (You
                  | bought it in a shop on level 2 of the Orcish Mines)
 20315 | Orc:2    | Found Hugh's Antique Armour Shoppe.
 20338 | Orc:2    | Bought a smoking chain mail for 256 gold pieces
 20348 | Orc:2    | Identified the +1 chain mail of the Morning Star {rC+} (You
                  | bought it in a shop on level 2 of the Orcish Mines)
 20407 | Orc:2    | Found Sammylewk's Jewellery Shop.
 20736 | Elf:1    | Entered Level 1 of the Elven Halls
 20950 | Snake:1  | Entered Level 1 of the Snake Pit
 21528 | Snake:1  | Identified the +4 ring mail of Xoxi Sapt {*Contam rF+ MP+9}
 21742 | Snake:1  | Killed from afar by a shock serpent

Illustrated notes

Levels and vault maps discovered:
D:1:      kennysheep_arrival_forest, layout_loops_ring
D:2:      layout_basic
D:3:      layout_loops_ring, uniq_grinder
D:4:      layout_basic, serial_shops, shop_statue,
          hangedman_abyss_or_decor_stagger, fountainhead, uniq_eustachio
D:5:      layout_gridville, minitemple, nrook_loot_triangle,
          due_unseen_surprise, uniq_duvessa, uniq_edmund,
          uniq_crazy_yiuf_cottage, uniq_ijyb
D:6:      layout_loops_ring, serial_shops, shop
D:7:      layout_loops_ring, grunt_temple_overflow_open, kennysheep_little_box,
          minmay_temple_entry_mini_moons
D:8:      layout_layer_cave, david_lair_generic, serial_shops,
          nicolae_shop_window_shopping, lemuel_centaur_altar
D:9:      cheibrodos_steamvent, layout_small_grid, marbit_many_paths
D:10:     layout_basic, serial_shops, shop, minmay_unpleasant_kobolds
D:11:     layout_gridville, portal_ice_cave_rime, minmay_crystal_water,
          uniq_sonja, uniq_maurice
D:12:     layout_loops_ring, david_orc_5, minmay_radiant, uniq_nergalle,
          uniq_gastronok
D:13:     layout_big_octagon, serial_column_ruins, column_ruins_hut,
          column_ruins_temple_hall, column_ruins_columns_straight,
          column_ruins_columns_water, column_ruins_open_small, st_stairs_9,
          mikee_hates_you
D:14:     kennysheep_four_of_diamonds, layout_basic, kennysheep_nondescript,
          uniq_louise
D:15:     grunt_enter_depths_giant_problem, layout_stronghold,
          minmay_misc_feat_five, uniq_azrael
Temple:   eino_temple_scatter_basement
Lair:1:   layout_hall_layers, gammafunk_ghost_hive
Lair:2:   layout_gridlike, guppyfry_snake_entry_island,
          minmay_lair_oklob_chamber
Lair:3:   layout_hall_layers, small_statue_intersection,
          chequers_serial_rivers_micro_e
Lair:4:   layout_gridlike, palyth_hydra_swamp_entry,
          nicolae_lair_grove_arrangements, beast_lair_carwin_5, uniq_kirke
Lair:5:   layout_small_grid, minmay_slime_entry_eyes,
          maelrawn_ghost_gauntlet_escape, grunt_megastairs_4,
          serial_bayou_shore_b, lemuel_fruit_fields
Lair:6:   due_jungle_book, layout_gridlike
Snake:1:  cheibrodos_snake_lava_hold, layout_grid_shapes, nicolae_snake_springs
Orc:1:    layout_caves, serial_shops, nicolae_shop_crystal, basic_altar,
          mines2_lemuel
Orc:2:    grunt_orc_gardens, layout_caves, grunt_orc_garden, grunt_orc_garden,
          grunt_orc_garden, grunt_orc_garden, basic_altar, minmay_orc_keep,
          uniq_nessos
Elf:1:    layout_loops_ring, serial_shops, shop, shop_fountains,
          hangedman_elf_disciples

Skill      XL: |  1  2  3  4  5  6  7  8  9 10 11 12 13 14 15 |
---------------+----------------------------------------------+-----
Fighting       | 3 4 5 7 8 9 10 11 12 | 12.5
Spellcasting   | 1 2 3 4 6 7 8 9 10 11 | 11.3
Armour         | 4 5 6 9 8 10 11 12 13 14 | 14.5
Shields        | 4 5 8 7 9 10 11 12 13 14 | 14.5
Maces & Flails | 3 4 7 6 8 9 10 | 10.0
Dodging        | 4 8 |  8.0

Action                   |  1- 3 |  4- 6 |  7- 9 | 10-12 | 13-15 || total
-------------------------+-------+-------+-------+-------+-------++-------
Melee: Flail             |   106 |    89 |   356 |   638 |  1399 ||  2588
       Quarterstaff      |       |    16 |    21 |       |       ||    37
       Dire flail        |       |       |    27 |       |       ||    27
       Whip              |       |       |   117 |    60 |   294 ||   471
 Fire: Hunting sling     |    64 |     3 |       |       |       ||    67
Throw: Stone             |     2 |       |       |       |       ||     2
Invok: Sacrifice Experie |       |       |     1 |       |       ||     1
       Draw Out Power    |       |       |     1 |    27 |    58 ||    86
       Sacrifice Resista |       |       |     1 |       |       ||     1
       Apocalypse        |       |       |       |     2 |     1 ||     3
       Power Leap        |       |       |       |     2 |     2 ||     4
       Reject Sacrifices |       |       |       |     1 |       ||     1
       Sacrifice Stealth |       |       |       |       |     1 ||     1
       Sacrifice Arcana  |       |       |       |       |     1 ||     1
 Abil: Heal Wounds       |       |     5 |    13 |     6 |    11 ||    35
Evoke: Wand              |       |       |     3 |    14 |    23 ||    40
  Use: Scroll            |       |       |     5 |     4 |    18 ||    27
       Potion            |       |       |       |       |     2 ||     2
 Stab: Invisible         |       |       |       |     3 |    12 ||    15
       Distracted        |       |       |       |     2 |     8 ||    10
       Petrified         |       |       |       |       |     1 ||     1
       Paralysed         |       |       |       |       |    11 ||    11
Armor: Scale mail        |    55 |    35 |    77 |       |       ||   167
       Chain mail        |       |       |   199 |   277 |   453 ||   929
       Robe              |       |       |     1 |     5 |       ||     6
       Plate armour      |       |       |       |       |   105 ||   105
Dodge: Dodged            |    55 |    42 |   196 |   204 |   579 ||  1076
Block: Kite shield       |    16 |       |       |       |       ||    16
       Buckler           |    23 |    30 |   167 |   208 |   629 ||  1057

Table legend: (Time is in decaauts)
 A = Elapsed time spent in this place.
 B = Non-inter-level travel time spent in this place.
 C = Inter-level travel time spent in this place.
 D = Time resting spent in this place.
 E = Time spent auto-exploring this place.
 F = Levels seen in this place.
 G = Mean time per level.
                   A        B        C        D        E       F      G
               +--------+--------+--------+--------+--------+-----+--------+
         Total |  21628 |  20380 |   1248 |   1306 |  12467 |  26 |  831.8 |
       Dungeon |  13504 |  12707 |    797 |    961 |   7796 |  15 |  900.3 |
        Temple |    208 |    190 |     18 |      0 |    185 |   1 |  208.0 |
          Lair |   5027 |   4735 |    292 |     15 |   3413 |   6 |  837.8 |
     Snake Pit |    736 |    736 |      0 |    111 |    246 |   1 |  736.0 |
  Orcish Mines |   2137 |   1999 |    138 |    218 |    827 |   2 | 1068.5 |
   Elven Halls |     14 |     14 |      0 |      0 |      0 |   1 |   14.0 |
               +--------+--------+--------+--------+--------+-----+--------+

Top non-repeatable levels by time:
    D:13: 1374 daAuts
     D:8: 1319 daAuts
    D:12: 1256 daAuts
   Orc:2: 1164 daAuts
     D:4: 1031 daAuts
    D:10: 1025 daAuts
  Lair:4: 1012 daAuts
    D:14: 993 daAuts
   Orc:1: 972 daAuts
     D:9: 966 daAuts
     D:2: 885 daAuts
     D:5: 877 daAuts
  Lair:5: 876 daAuts
  Lair:6: 873 daAuts
  Lair:1: 847 daAuts
